 Dungeon Crawl Stone Soup version 0.27-a0-249-g74f53ef629 (webtiles) character file.

Game seed: 17762606224028469647

104 kae the Skirmisher (level 4, 34/35 HPs)
             Began as a Demonspawn Fighter on Feb 1, 2021.
             Quit the game on level 3 of the Dungeon on Feb 3, 2021.
             The game lasted 00:02:32 (2613 turns).

kae the Skirmisher (Demonspawn Fighter)             Turns: 2613, Time: 00:02:32

Health: 34/35      AC:  8    Str: 17    XL:     4   Next: 52%
Magic:  4/4        EV: 10    Int: 16    God:
Gold:   81         SH:  0    Dex: 12    Spells: 3/3 levels left

rFire    . . .     SeeInvis .     - Unarmed
rCold    . . .     Faith    .   (no shield)
rNeg     . . .     Spirit   .   a - +0 scale mail
rPois    .         Reflect  .   (helmet restricted)
rElec    .         Harm     .   (no cloak)
rCorr    +         Rampage  .   (no gloves)
Will     .....                  (no boots)
Stlth    ..........             (no amulet)
HPRegen  0.11/turn              h - +6 ring of intelligence
MPRegen  0.09/turn              f - ring of resist corrosion

@: very slow
A: horns 1, molten scales 1
a: no special abilities


You were on level 3 of the Dungeon.
You visited 1 branch of the dungeon, and saw 3 of its levels.

You collected 81 gold pieces.

Inventory:

Armour
 a - a +0 scale mail (worn)
 b - a +0 kite shield
Jewellery
 f - a ring of resist corrosion (right hand)
 g - an uncursed ring of wizardry
 h - a +6 ring of intelligence (left hand)
Wands
 e - a wand of random effects (11)
Scrolls
 k - 2 scrolls of enchant weapon
 l - a scroll of fog
 m - a scroll of magic mapping
Potions
 c - a potion of might
 d - a potion of degeneration
 n - a potion of curing {unknown}


   Skills:
 + Level 3.5 Fighting
 + Level 3.2 Armour
 + Level 1.4 Dodging
 - Level 2.6 Shields
 * Level 3.1 Unarmed Combat


You had 3 spell levels left.
You didn't know any spells.
Your spell library was empty.

Dungeon Overview and Level Annotations

Branches:
Dungeon (3/15)

Altars:


Innate Abilities, Weirdness & Mutations

You have a pair of small horns on your head.
You are partially covered in molten scales. (AC +2)


Message History

No reachable target in view!
No reachable target in view!
A hobgoblin is nearby!
No reachable target in view!
No reachable target in view!
No reachable target in view!
No reachable target in view!
A hobgoblin is nearby!
No reachable target in view!
No reachable target in view!
You enter the shallow water.
Moving in this stuff is going to be slow.
A quokka comes into view.
The hobgoblin shouts!
You see here a bat corpse.
Why would you want to do that?
Saving game... please wait.
Welcome back, kae the Demonspawn Fighter.
Press ? for a list of commands and other information.
Are you sure you want to abandon this character and quit the game? (Confirm with "yes".)

##. .. .#..
#####..#.##.#.##
.....(g.....r...
.≈.^.≈(≈P≈≈≈.≈..
###≈..P≈≈≈≈≈≈≈≈≈≈
#≈≈≈≈≈≈≈≈≈≈≈≈≈≈≈≈
≈≈≈≈≈≈≈≈≈≈≈≈P≈≈≈≈
≈≈≈≈≈≈≈≈@≈≈≈..≈≈P
####≈..≈..P.≈....
..........(...###
###.....(......#
...............#
###....<......?#
##..........##
##...#.......
####>..(....


You could see a quokka and a hobgoblin.

Vanquished Creatures
  5 adders (D:2)
  A worm (D:2)
  3 dart slugs
  3 leopard geckos
  2 giant cockroaches
  7 goblins
  3 hobgoblins
  5 jackals
  4 kobolds
  10 bats
  A frilled lizard (D:2)
  3 rats
47 creatures vanquished.

Notes
Turn   | Place    | Note
-------+----------+-------------------------------------------
     0 | D:1      | kae the Demonspawn Fighter began the quest for the Orb.
     0 | D:1      | Reached XP level 1. HP: 18/18 MP: 1/1
   181 | D:1      | Gained mutation: You have a pair of small horns on your
                  | head. [demonic ancestry]
   181 | D:1      | Reached XP level 2. HP: 24/24 MP: 2/2
  1210 | D:2      | Reached XP level 3. HP: 24/29 MP: 3/3
  1300 | D:2      | Reached skill level 1 in Dodging
  1882 | D:2      | Gained mutation: You are partially covered in molten
                  | scales. (AC +2) [demonic ancestry]
  1882 | D:2      | Reached XP level 4. HP: 27/35 MP: 4/4
  2613 | D:3      | Upgraded the game from 0.27-a0-223-ge082b6e869 to
                  | 0.27-a0-249-g74f53ef629
  2613 | D:3      | Quit the game

Illustrated notes

Levels and vault maps discovered:
D:1:      kennysheep_arrival_seaside, layout_loops_corners,
          minmay_indecisive_spiral
D:2:      layout_basic, minmay_split_cup_large
D:3:      layout_rooms, kennysheep_path_1, chequers_big_river, uniq_terence,
          uniq_natasha

Skill      XL: |  1  2  3  4 |
---------------+-------------+-----
Unarmed Combat | 2 3 |  3.1
Armour         | 3 |  3.2
Dodging        | 1 |  1.4
Fighting       | |  3.5
Shields        | |  2.6

Action                   |  1- 3 |  4- 6 || total
-------------------------+-------+-------++-------
Melee: Unarmed           |   147 |    41 ||   188
       Headbutt          |    18 |     8 ||    26
  Use: Scroll            |     7 |     4 ||    11
Armor: Scale mail        |    68 |    10 ||    78
Dodge: Dodged            |    92 |    26 ||   118
Block: Kite shield       |     3 |       ||     3

Table legend: (Time is in decaauts)
 A = Elapsed time spent in this place.
 B = Non-inter-level travel time spent in this place.
 C = Inter-level travel time spent in this place.
 D = Time resting spent in this place.
 E = Time spent auto-exploring this place.
 F = Levels seen in this place.
 G = Mean time per level.
                   A        B        C        D        E       F      G
               +--------+--------+--------+--------+--------+-----+--------+
         Total |   2608 |   2527 |     81 |    454 |   1729 |   3 |  869.3 |
       Dungeon |   2608 |   2527 |     81 |    454 |   1729 |   3 |  869.3 |
               +--------+--------+--------+--------+--------+-----+--------+

Top non-repeatable levels by time:
     D:2: 1418 daAuts
     D:1: 1175 daAuts
     D:3: 15 daAuts
